 Dungeon Crawl Stone Soup version 0.26-a0-651-gb41185065b (webtiles) character file.

Game seed: 643563011553825197

6644 Flugslaktarn the Cleaver (level 10, -4/98 HPs)
             Began as a Deep Dwarf Fighter on Oct 8, 2020.
             Was a Believer of Makhleb.
             Slain by a cyan ugly thing (5 damage)
             ... on level 9 of the Dungeon.
             The game lasted 00:03:49 (5791 turns).

Flugslaktarn the Cleaver (Deep Dwarf Fighter)       Turns: 5791, Time: 00:03:49

Health: -4/98      AC: 27    Str: 21    XL:     10   Next: 72%
Magic:  14/14      EV:  7    Int:  7    God:    Makhleb [**....]
Gold:   295        SH:  9    Dex: 13    Spells: 9/9 levels left

rFire    . . .     SeeInvis +   a - +0 war axe
rCold    . . .     Faith    +   c - +0 kite shield
rNeg     . . .     Spirit   .   v - +0 plate armour
rPois    .         Reflect  .   o - +1 helmet
rElec    .         Harm     .   (no cloak)
rCorr    .         Rampage  .   s - +2 pair of gloves
MR       +....                  n - +3 pair of boots "Puzerafad" {Int-3 Slay+2 SInv}
Stlth    ..........             x - amulet of faith
HPRegen  0.00/turn              j - +4 ring of slaying
MPRegen  0.14/turn              p - +4 ring of protection

@: non-regenerating
A: damage resistance, heal wounds, sense surroundings 2, no regeneration
a: Heal Wounds, Minor Destruction, Renounce Religion


You were on level 9 of the Dungeon.
You worshipped Makhleb.
Makhleb was pleased with you.
You visited 2 branches of the dungeon, and saw 10 of its levels.

You collected 509 gold pieces.
You spent 214 gold pieces at shops.

Inventory:

Hand Weapons
 a - a +0 war axe (weapon)
Missiles
 b - a throwing net (quivered)
Armour
 c - a +0 kite shield (worn)
 n - the +3 pair of boots "Puzerafad" (worn) {Int-3 Slay+2 SInv}
   (You found it on level 7 of the Dungeon)

   It affects your intelligence (-3).
   It affects your accuracy and damage with ranged weapons and melee attacks
   (+2).
   It lets you see invisible.
 o - a +1 helmet (worn)
   (You found it on level 3 of the Dungeon)
 s - a +2 pair of gloves (worn)
   (You bought it in a shop on level 5 of the Dungeon)
 v - a +0 plate armour (worn)
   (You took it off an orc warrior on level 6 of the Dungeon)
Jewellery
 j - a +4 ring of slaying (left hand)
   (You found it on level 2 of the Dungeon)
 p - a +4 ring of protection (right hand)
   (You found it on level 6 of the Dungeon)
 x - an amulet of faith (around neck)
   (You found it on level 9 of the Dungeon)
Wands
 g - a wand of digging (7)
   (You found it on level 9 of the Dungeon)
 h - a wand of iceblast (11)
   (You found it on level 9 of the Dungeon)
 u - a wand of enslavement (5)
   (You found it on level 9 of the Dungeon)
Scrolls
 e - a scroll of immolation
 f - 2 scrolls of fog
 l - 6 scrolls of magic mapping
 m - 6 scrolls of fear
 r - 2 scrolls of identify
 t - 3 scrolls of teleportation
 z - 2 scrolls of blinking
Potions
 d - a potion of might
 i - 2 potions of cancellation
 k - 2 potions of degeneration
 q - a potion of curing
 w - 2 potions of heal wounds


   Skills:
 * Level 8.9 Fighting
 * Level 10.2 Axes
 + Level 7.9 Armour
 + Level 6.4 Dodging
 - Level 4.0 Shields
 + Level 5.6 Invocations
 + Level 0.4 Evocations


You had 9 spell levels left.
You didn't know any spells.
Your spell library was empty.

Dungeon Overview and Level Annotations

Branches:
Dungeon (9/15)             Temple (1/1) D:7            Lair (0/6) D:9
    Orc: D:9-12

Altars:
Ashenzari
Cheibriados
Dithmenos
Elyvilon
Fedhas
Hepliaklqana
Kikubaaqudgha
Makhleb
Nemelex Xobeh
Okawaru
Qazlal
Ru
Sif Muna
Trog
Uskayaw
Vehumet
Xom
Yredelemnul
The Shining One

Shops:
D:5 ![:   D:7 *

Annotations:
D:4 3 runed translucent doors, Flugslaktarn's ghost, amateur DDFi


Innate Abilities, Weirdness & Mutations

You are resistant to damage.
You can heal yourself by infusing magical energy.
You passively map the area around you.
You do not regenerate.


Message History

The cyan ugly thing barely misses you.
You slash the cyan ugly thing!
The cyan ugly thing is almost dead.
You block the cyan ugly thing's attack.
You hit the cyan ugly thing.
The cyan ugly thing is almost dead.
The cyan ugly thing engulfs you!
* * * LOW HITPOINT WARNING * * *
The cyan ugly thing shocks you!
* * * LOW HITPOINT WARNING * * *
You closely miss the cyan ugly thing.
The cyan ugly thing is almost dead.
The cyan ugly thing engulfs you.
* * * LOW HITPOINT WARNING * * *
The cyan ugly thing shocks you!
* * * LOW HITPOINT WARNING * * *
You barely miss the cyan ugly thing.
The cyan ugly thing is almost dead.
The cyan ugly thing engulfs you!
You die...

, ##### #.... , ,*
######### ####....
#.......# #....... , * *
##.......# #.......
,'.......# #....... *
#.......# #.......
#..u....# #....... * #@#
* #.......
#.#####.#########.......
*
#.......)............/).
*
#.##.....#######........
, ,
,*#...#.#######.#######
* * * *#...#.(....##.# #
* #...#.(....##.# #
###...(....##.# # ,
#....)#####.# #


You could see a cyan ugly thing.

Vanquished Creatures
  An ugly thing (D:8)
  2 orc sorcerers (D:7)
  Maggie (D:8)
  A hornet (D:8)
  A hippogriff (D:9)
  Sigmund (D:2)
  A wyvern (D:9)
  Grum (D:8)
  3 porcupines (D:9)
  A water moccasin (D:6)
  2 orc warriors
  An ice beast (D:8)
  2 phantoms
  A sky beast (D:6)
  3 black bears (D:9)
  3 wolves (D:8)
  3 ogres
  A crocodile (D:9)
  4 centaurs
  5 bullfrogs
  3 scorpions
  A wyvern skeleton (D:9)
  5 wights (D:9)
  7 howler monkeys
  3 centaur zombies
  2 bullfrog zombies
  4 hounds
  3 jellies
  3 orc priests
  3 orc wizards
  2 centaur skeletons
  2 iguanas
  6 worker ants
  A worker ant zombie (D:5)
  8 gnolls
  4 adders
  2 shadow imps
  A white imp (D:8)
  An ufetubus (D:6)
  An adder skeleton (D:5)
  A worm (D:3)
  A dart slug (D:3)
  5 leopard geckos
  16 orcs
  A ball python (D:6)
  3 giant cockroaches
  5 hobgoblins
  6 jackals (D:6)
  5 kobolds (D:2)
  3 quokkas
  3 bats
  A frilled lizard (D:4)
  A goblin (D:2)
  A jackal skeleton (D:4)
  4 rats (D:2)
  A spectral orc (D:6)
157 creatures vanquished.

Vanquished Creatures (others)
  Erica (D:8)
  35 fungi (D:9)
  44 plants
80 creatures vanquished.

Grand Total: 237 creatures vanquished

Notes
Turn   | Place    | Note
-------+----------+-------------------------------------------
     0 | D:1      | Flugslaktarn the Deep Dwarf Fighter began the quest for the
                  | Orb.
     0 | D:1      | Reached XP level 1. HP: 20/20 MP: 1/1
    57 | D:2      | Found a faded altar of an unknown god.
   137 | D:2      | Reached XP level 2. HP: 21/27 MP: 2/2
   257 | D:2      | Noticed Sigmund
   262 | D:2      | Reached skill level 3 in Axes
   262 | D:2      | Reached XP level 3. HP: 17/34 MP: 3/3
   272 | D:2      | Killed Sigmund
   272 | D:2      | Reached skill level 4 in Axes
   272 | D:2      | Reached XP level 4. HP: 10/44 MP: 4/4
   272 | D:2      | Reached XP level 5. HP: 12/50 MP: 5/5
   419 | D:3      | Found a glowing golden altar of the Shining One.
   503 | D:3      | Found a hazy altar of Hepliaklqana.
  1032 | D:4      | Found a runed translucent gate.
  1033 | D:4      | Found a runed translucent gate.
  1034 | D:4      | Found a runed translucent gate.
  1034 | D:4      | Identified the +2 dagger of the Thing {pain, rPois rN+
                  | Str-5 SInv}
  1035 | D:4      | Noticed Flugslaktarn's ghost (amateur DDFi)
  1693 | D:5      | Entered Level 5 of the Dungeon
  1693 | D:5      | Found Bummyob's Distillery.
  1713 | D:5      | Reached XP level 6. HP: 56/57 MP: 6/6
  1747 | D:5      | Reached skill level 1 in Dodging
  1785 | D:5      | Reached skill level 5 in Axes
  1788 | D:5      | Found Bosaequph's Armour Emporium.
  1793 | D:5      | Found Vuif's Book Shop.
  1992 | D:5      | Reached XP level 7. HP: 44/66 MP: 7/7
  1998 | D:5      | Found a stormy altar of Qazlal.
  2087 | D:6      | Reached skill level 5 in Fighting
  2087 | D:6      | Reached skill level 5 in Armour
  2148 | D:6      | Reached skill level 6 in Axes
  2150 | D:6      | Reached XP level 8. HP: 55/75 MP: 8/8
  2505 | D:6      | Found a basalt altar of Yredelemnul.
  2710 | D:6      | Identified the cursed +0 ring mail "Jeugar" {rPois rC+
                  | Int+3}
  2794 | D:6      | Reached skill level 7 in Axes
  3099 | D:7      | Found a staircase to the Ecumenical Temple.
  3116 | D:7      | Found a bloodstained altar of Trog.
  3180 | Temple   | Entered the Ecumenical Temple
  3266 | Temple   | Became a worshipper of Makhleb the Destroyer
  3466 | D:7      | Noticed an orc sorcerer
  3516 | D:7      | Noticed an orc sorcerer
  3523 | D:7      | Noticed a red devil
  3524 | D:7      | Noticed an ice devil
  3526 | D:7      | Killed an orc sorcerer
  3526 | D:7      | Reached skill level 1 in Invocations
  3526 | D:7      | Gained mutation: You passively map the area around you.
                  | [Deep Dwarf growth]
  3526 | D:7      | Reached XP level 9. HP: 78/86 MP: 8/10
  3529 | D:7      | Killed an orc sorcerer
  3529 | D:7      | Reached skill level 8 in Axes
  3568 | D:7      | Got a pair of faintly humming boots
  3590 | D:7      | Identified the +3 pair of boots "Puzerafad" {Int-3 Slay+2
                  | SInv} (You found it on level 7 of the Dungeon)
  3827 | D:7      | Found Missusto's Assorted Antiques.
  3922 | D:7      | Reached skill level 5 in Dodging
  4290 | D:8      | Noticed a purple ugly thing
  4298 | D:8      | Noticed Erica
  4310 | D:8      | Paralysed by a hornet for 2 turns
  4317 | D:8      | Noticed Grum
  4318 | D:8      | Killed a purple ugly thing
  4318 | D:8      | Reached * piety under Makhleb
  4318 | D:8      | Reached skill level 9 in Axes
  4334 | D:8      | Reached XP level 10. HP: 48/96 MP: 11/13
  4349 | D:8      | Killed Erica
  4359 | D:8      | Killed Grum
  4648 | D:8      | Noticed Maggie
  4658 | D:8      | Killed Maggie
  5061 | D:5      | Bought a +2 pair of gloves for 214 gold pieces
  5300 | D:9      | Reached skill level 5 in Invocations
  5355 | D:9      | Reached skill level 10 in Axes
  5358 | D:9      | Reached ** piety under Makhleb
  5484 | D:9      | Found a staircase to the Lair.
  5775 | D:9      | Noticed a cyan ugly thing
  5790 | D:9      | HP: 1/98 [cyan ugly thing (12)]
  5791 | D:9      | Slain by a cyan ugly thing

Illustrated notes

Levels and vault maps discovered:
D:1:      dpeg_arrival_round_b, layout_basic, minmay_three_crescents
D:2:      layout_loops_cross, chequers_ecumenical_altar_island,
          lexackson_kobold_supper, uniq_terence, uniq_sigmund
D:3:      layout_loops_corners, nicolae_overflow_hidden_temple, tso_metal_star
D:4:      layout_loops_corners, gammafunk_ghost_nasty_kobolds
D:5:      layout_cave_pools, marbit_many_paths, serial_shops, shop,
          nicolae_shop_crystal, shop_fountains, minmay_crystal_water
D:6:      layout_cave_pods, yredelemnul_forgotten_temple_becter, st_stairs_7,
          minmay_starry_boxes
D:7:      cheibrodos_wizards_tower, layout_basic, lemuel_doored_altar,
          minmay_temple_entry_tees, serial_shops, shop, corner_web_ring
D:8:      layout_basic, uniq_erica, uniq_grum, uniq_maggie
D:9:      layout_basic, due_lair_maze_entry_diamond
Temple:   eino_narrow_crystal_temple

Skill      XL: |  1  2  3  4  5  6  7  8  9 10 |
---------------+-------------------------------+-----
Fighting       | 3 4 5 7 8 |  8.9
Axes           | 3 4 5 6 7 9 10 | 10.2
Armour         | 4 5 6 7 |  7.9
Shields        | 4 |  4.0
Dodging        | 1 3 4 5 6 |  6.4
Invocations    | 1 4 5 |  5.6
Evocations     | |  0.4

Action                   |  1- 3 |  4- 6 |  7- 9 | 10-12 || total
-------------------------+-------+-------+-------+-------++-------
Melee: War axe           |    52 |    84 |   255 |   157 ||   548
 Abil: Heal Wounds       |     1 |     3 |     7 |     2 ||    13
  Use: Scroll            |       |       |    12 |     2 ||    14
       Potion            |       |       |     4 |       ||     4
Armor: Scale mail        |    32 |    35 |    39 |       ||   106
       Chain mail        |       |       |    37 |       ||    37
       Plate armour      |       |       |   102 |   123 ||   225
Dodge: Dodged            |    18 |    29 |    87 |    60 ||   194
Block: Kite shield       |    33 |    41 |   164 |    76 ||   314

Table legend: (Time is in decaauts)
 A = Elapsed time spent in this place.
 B = Non-inter-level travel time spent in this place.
 C = Inter-level travel time spent in this place.
 D = Time resting spent in this place.
 E = Time spent auto-exploring this place.
 F = Levels seen in this place.
 G = Mean time per level.
                   A        B        C        D        E       F      G
               +--------+--------+--------+--------+--------+-----+--------+
         Total |   5916 |   5303 |    613 |     40 |   4076 |  10 |  591.6 |
       Dungeon |   5824 |   5229 |    595 |     40 |   4003 |   9 |  647.1 |
        Temple |     92 |     75 |     17 |      0 |     73 |   1 |   92.0 |
               +--------+--------+--------+--------+--------+-----+--------+

Top non-repeatable levels by time:
     D:7: 1124 daAuts
     D:6: 1103 daAuts
     D:4: 900 daAuts
     D:8: 761 daAuts
     D:9: 666 daAuts
     D:5: 435 daAuts
     D:3: 428 daAuts
     D:2: 371 daAuts
  Temple: 92 daAuts
     D:1: 33 daAuts
